Map: [ESL] Hecate

Players

YoungYakov - Winner!

  • Race: Zerg Zerg
  • League: Grandmaster
  • Spawn Location: 1:00

trigger

  • Race: Protoss Protoss
  • League: Grandmaster
  • Spawn Location: 7:00

Event: IEM Katowice 2024

VOD

Have the link to the VOD?

Description

Time

  • Played on: Dec. 7, 2023, 2:23 p.m.
  • Length: 18:19

All games in this series

Show
View Real Time Build Order
Export as new Build Order

YoungYakov Zerg - Winner!

Build Orders: Hatch First 

Get SALT Encoding   

  12  0:00  Drone  
  13  0:08  Drone  
  14  0:33  Hatchery  
  13  0:36  Drone  
  14  0:52  Spawning Pool  
  14  0:57  Drone  
  14  1:00  Extractor  
  14  1:02  Drone  
  15  1:10  Overlord  
  15  1:29  Drone  
  16  1:39  Zergling x2  
  18  1:40  Zergling x4, Queen  
  18  1:45  Zergling x2  
  22  1:48  Queen  
  22  1:53  Zergling x2  
  25  1:56  Drone  
  26  2:06  Overlord  
  26  2:08  Drone  
  26  2:14  Drone  
  28  2:24  Drone, Queen  
  28  2:25  Drone  
  32  2:33  Drone  
  32  2:36  Drone  
  34  2:39  Overlord  
  32  2:54  Drone x3  
  32  2:56  Drone x2  
  35  3:04  Hatchery  
  34  3:09  Drone  
  34  3:10  Drone  
  34  3:12  Extractor  
  35  3:13  Drone  
  35  3:14  Drone  
  37  3:21  Drone x3  
  37  3:25  Overlord  
  40  3:33  Drone  
  41  3:39  Drone x2  
  43  3:41  Drone  
  43  3:44  Overlord  
  43  3:47  Drone x3  
  46  3:51  Queen  
  46  3:54  Extractor  
  47  3:59  Drone x3  
  47  4:02  Queen  
  52  4:09  Spore Crawler  
  51  4:10  Drone x4  
  51  4:15  Queen  
  51  4:16  Baneling Nest  
  56  4:19  Spore Crawler  
  56  4:23  Drone x2  
  57  4:27  Spore Crawler  
  57  4:30  Drone x2  
  56  4:31  Metabolic Boost  
  55  4:39  Zergling x6  
  55  4:41  Drone x2  
  60  4:46  Overlord  
  60  4:49  Drone x2  
  62  4:54  Drone x3  
  62  4:57  Overlord  
  62  4:59  Overlord  
  65  5:11  Lair  
  66  5:14  Drone x4  
  66  5:15  Zergling x10  
  66  5:19  Queen  
  76  5:22  Overlord  
  76  5:23  Overlord  
  76  5:27  Zergling x6  
  79  5:30  Overlord  
  79  5:31  Overlord  
  78  5:37  Zergling x8  
  78  5:41  Baneling x5  
  82  5:44  Overlord x2  
  82  5:53  Zergling x12  
  88  5:57  Zergling x8  
  89  6:06  Zergling x4  
  84  6:11  Zergling x8  
  84  6:17  Zergling x6  
  89  6:20  Nydus Network  
  89  6:22  Overseer  
  89  6:24  Zergling x6  
  89  6:25  Queen x3  
  92  6:46  Zergling x16  
  98  6:55  Zergling x4  
  98  6:59  Baneling x11  
  100  7:02  Zergling x8  
  100  7:03  Zergling x6, Nydus Canal  
  100  7:05  Zergling x2  
  100  7:06  Zergling x2  
  106  7:17  Roach Warren  
  84  7:30  Zergling x16  
  84  7:31  Zergling x8  
  84  7:32  Baneling x5  
  84  7:33  Zergling x2  
  89  7:39  Zergling x2, Baneling x2  
  89  7:42  Zergling x8  
  89  7:43  Zergling x2  
  94  7:45  Extractor  
  93  7:52  Hatchery  
  93  7:53  Zergling x6  
  93  7:55  Nydus Canal  
  93  8:00  Zergling x8  
  93  8:04  Drone x3  
  92  8:12  Zergling x6  
  88  8:19  Glial Reconstitution  
  84  8:24  Zergling x10  
  87  8:35  Drone x2  
  87  8:36  Drone  
  88  8:43  Queen  
  80  8:51  Drone x4  
  80  8:54  Drone x4  
  80  9:03  Roach x2  
  80  9:09  Roach  
  81  9:14  Roach  
  81  9:15  Roach x2  
  85  9:17  Queen  
  85  9:18  Queen x2  
  87  9:27  Roach x3  
  83  9:40  Roach x3  
  90  9:45  Roach x2  
  90  9:49  Roach  
  90  9:52  Drone x3  
  90  9:53  Drone x2  
  87  10:02  Drone x2  
  83  10:12  Roach x3  
  81  10:16  Roach  
  77  10:28  Roach x4  
  79  10:32  Roach  
  75  10:39  Roach  
  75  10:40  Zergling x8  
  77  10:44  Zergling x4  
  79  10:56  Roach x3  
  85  10:57  Zergling x4  
  86  11:17  Zergling x22  
  96  11:31  Zergling x10, Queen  
  103  11:37  Drone x2  
  103  11:38  Queen  
  105  11:45  Drone x2  
  98  11:55  Drone  
  98  11:56  Drone x3  
  98  11:59  Drone  
  98  12:00  Drone  
  96  12:03  Drone x2  
  96  12:05  Nydus Canal  
  96  12:15  Drone x4  
  92  12:23  Drone x4  
  92  12:26  Queen  
  97  12:32  Drone x3  
  99  12:37  Drone  
  99  12:39  Drone  
  97  12:57  Drone x7  
  98  13:06  Roach x6  
  110  13:16  Evolution Chamber  
  110  13:17  Zergling x8  
  113  13:27  Nydus Canal  
  113  13:30  Hatchery  
  113  13:32  Drone  
  113  13:33  Drone x2  
  109  13:39  Drone x3  
  109  13:40  Drone x2  
  112  13:44  Zerg Missile Weapons Level 1  
  109  13:48  Zergling x4  
  109  13:49  Zergling x12  
  117  13:58  Queen  
  117  14:00  Zergling x8  
  123  14:05  Nydus Canal  
  123  14:08  Zergling x6, Baneling Nest  
  126  14:10  Centrifugal Hooks  
  123  14:18  Baneling x7  
  123  14:20  Zergling x10  
  127  14:24  Baneling x4  
  127  14:25  Overlord  
  127  14:26  Overlord x3  
  117  14:38  Zergling x14  
  118  14:46  Zergling x2  
  118  14:47  Zergling x16  
  118  14:51  Queen x2  
  116  15:01  Roach x5  
  118  15:07  Roach  
  118  15:08  Roach x4  
  105  15:28  Drone x4  
  105  15:29  Drone x9  
  105  15:35  Roach  
  112  15:37  Nydus Canal  
  112  15:40  Roach x3  
  115  15:48  Zergling x14  
  122  15:51  Roach  
  122  15:58  Roach x2  
  122  15:59  Queen x5  
  136  16:11  Zergling x12  
  142  16:13  Overlord x2  
  142  16:15  Zergling x10  
  142  16:18  Nydus Canal  
  146  16:19  Zergling x4  
  146  16:22  Zergling x4  
  146  16:25  Overseer  
  141  16:26  Zergling x2  
  133  16:34  Zergling x8  
  133  16:35  Queen x3  
  133  16:40  Zergling x2  
  133  16:41  Zergling x4  
  136  16:48  Extractor  
  136  16:49  Extractor  
  136  16:54  Roach x7  
  141  16:55  Extractor x2  
  141  16:59  Zergling x2  
  141  17:00  Zergling x6  
  141  17:01  Zergling x4  
  141  17:06  Zergling x8  
  142  17:09  Zergling x12  
  142  17:11  Zergling x2  
  142  17:12  Zergling x2  
  146  17:15  Zergling x4  
  146  17:20  Zergling x4  
  147  17:23  Baneling x3  
  147  17:25  Baneling x4  
  147  17:26  Zergling x6  
  147  17:27  Baneling x2, Queen x3  
  156  17:30  Zergling x4  
  156  17:35  Zergling x4  
  158  17:47  Zergling x14  
  158  17:48  Zergling x4, Nydus Canal  
  158  17:49  Zergling x2  
  163  17:54  Zergling x14  
  163  17:55  Roach x2  
Show
View Real Time Build Order
Export as new Build Order

trigger Protoss 

Build Orders: 1 Gate Expand, Oracle Opening 

Get SALT Encoding   

  12  0:00  Probe  
  13  0:12  Probe  
  14  0:19  Pylon  
  14  0:24  Probe (Chrono Boost)  
  15  0:37  Probe (Chrono Boost)  
  15  0:40  Gateway  
  16  0:45  Probe (Chrono Boost)  
  16  0:49  Assimilator  
  17  0:51  Probe  
  18  1:03  Probe  
  19  1:15  Probe  
  20  1:26  Nexus  
  20  1:31  Probe  
  21  1:41  Cybernetics Core  
  21  1:45  Assimilator  
  21  1:48  Probe  
  22  1:54  Pylon  
  22  2:00  Probe  
  23  2:14  Adept (Chrono Boost)  
  23  2:20  Gateway  
  23  2:21  Pylon  
  25  2:30  Pylon  
  25  2:43  Shield Battery  
  27  2:51  Probe  
  26  2:57  Warp Gate  
  24  3:00  Stargate  
  24  3:04  Probe (Chrono Boost)  
  24  3:05  Adept (Chrono Boost)  
  26  3:12  Probe (Chrono Boost)  
  28  3:17  Probe (Chrono Boost)  
  29  3:22  Probe (Chrono Boost)  
  29  3:25  Probe (Chrono Boost)  
  31  3:27  Probe (Chrono Boost)  
  31  3:30  Adept  
  34  3:35  Probe  
  34  3:40  Probe  
  34  3:41  Oracle (Chrono Boost)  
  36  3:48  Probe  
  40  3:53  Probe  
  41  4:00  Probe  
  41  4:02  Adept  
  44  4:05  Probe  
  44  4:09  Pylon  
  45  4:11  Twilight Council  
  45  4:16  Gateway  
  45  4:20  Gateway  
  45  4:23  Probe x2  
  47  4:35  Probe  
  47  4:38  Probe  
  49  4:39  Resonating Glaives (Chrono Boost), Pylon  
  52  4:48  Probe  
  52  4:51  Adept  
  52  4:54  Gateway  
  52  4:56  Probe  
  53  5:00  Probe  
  53  5:02  Nexus  
  54  5:10  Pylon  
  54  5:13  Stalker  
  56  5:17  Adept x2  
  56  5:21  Probe  
  61  5:22  Assimilator  
  61  5:23  Probe  
  62  5:29  Pylon  
  59  5:37  Adept x3  
  59  5:40  Pylon  
  65  5:43  Probe x2  
  65  5:46  Shield Battery  
  67  5:56  Probe  
  66  6:05  Adept  
  66  6:06  Adept x3  
  66  6:07  Probe  
  67  6:12  Probe (Chrono Boost)  
  65  6:18  Probe (Chrono Boost)  
  65  6:23  Robotics Facility, Forge  
  63  6:29  Probe (Chrono Boost)  
  63  6:30  Probe (Chrono Boost), Adept x4  
  63  6:31  Probe (Chrono Boost)  
  70  6:41  Oracle (Chrono Boost)  
  70  6:42  Probe x2  
  70  6:52  Pylon, Adept x4  
  77  6:56  Photon Cannon  
  77  7:00  Photon Cannon  
  77  7:04  Photon Cannon  
  77  7:10  Photon Cannon  
  77  7:12  Sentry x2  
  81  7:18  Adept  
  81  7:19  Adept  
  85  7:25  Probe x2  
  85  7:27  Probe  
  74  7:36  Adept x2  
  77  7:40  Shield Battery, Pylon  
  77  7:41  Photon Cannon  
  75  7:45  Adept x2  
  75  7:49  Pylon  
  79  7:54  Photon Cannon  
  79  7:55  Probe  
  79  7:56  Pylon, Probe  
  81  8:04  Shield Battery  
  79  8:06  Photon Cannon  
  79  8:08  Shield Battery, Adept  
  79  8:09  Adept x3  
  83  8:13  Shield Battery  
  75  8:25  Photon Cannon  
  74  8:31  Adept x3  
  79  8:37  Adept  
  73  8:43  Shield Battery  
  73  8:47  Adept  
  75  8:49  Shield Battery  
  75  8:54  Adept x3  
  75  9:01  Immortal (Chrono Boost)  
  69  9:13  Adept x2  
  73  9:19  Adept x2  
  73  9:23  Probe x2  
  79  9:30  Immortal (Chrono Boost)  
  79  9:31  Stalker x2  
  81  9:44  Adept x2  
  79  9:51  Probe x2  
  80  9:55  Assimilator x2  
  80  9:58  Zealot x2  
  77  10:06  Probe  
  77  10:07  Zealot x2, Immortal (Chrono Boost)  
  72  10:10  Probe  
  76  10:18  Gateway  
  70  10:22  Zealot x2  
  72  10:31  Zealot  
  72  10:32  Zealot  
  72  10:33  Probe  
  61  10:44  Zealot x2  
  69  10:52  Pylon  
  69  10:55  Pylon  
  67  11:07  Nexus  
  67  11:15  Adept x2  
  68  11:34  Stalker  
  68  11:37  Gateway, Stalker  
  68  11:38  Gateway, Stalker  
  68  11:39  Gateway  
  70  11:40  Gateway  
  70  11:42  Pylon  
  70  11:45  Robotics Facility  
  64  11:59  Pylon x2  
  60  12:02  Twilight Council  
  60  12:04  Shield Battery  
  60  12:05  Adept  
  62  12:19  Stalker  
  64  12:27  Adept  
  66  12:32  Assimilator  
  66  12:33  Adept x2  
  66  12:34  Adept  
  72  12:39  Adept  
  72  12:40  Charge  
  72  12:41  Immortal (Chrono Boost)  
  71  12:57  Adept x4  
  72  13:13  Observer (Chrono Boost)  
  73  13:33  Immortal (Chrono Boost)  
  63  13:52  Adept x2  
  67  13:56  Zealot x4  
  67  14:02  Immortal (Chrono Boost)  
  77  14:19  Adept x2  
  77  14:20  Zealot x3  
  83  14:26  Warp Prism (Chrono Boost)  
  83  14:30  Zealot  
  83  14:43  Zealot x2  
  79  14:52  Zealot x2  
  72  14:55  Immortal  
  69  15:05  Zealot x2  
  64  15:11  Zealot  
  59  15:15  Zealot  
  53  15:26  Zealot x2  
  51  15:31  Zealot  
  47  15:38  Zealot  
  43  15:45  Zealot  
  43  15:51  Zealot  
  43  16:03  Sentry x3  
  49  16:11  Stalker x2  
  43  16:27  Stalker x2  
  42  16:42  Adept x2  
  42  16:45  Sentry  
  40  16:56  Sentry x2  
  38  17:03  Sentry x2  
  40  17:13  Sentry  
  40  17:15  Immortal (Chrono Boost)  
  46  17:31  Adept  
  46  17:33  Adept  
  49  17:47  Adept  
  42  17:54  Adept  
  26  18:12  Sentry x2  

Tags
 
Add a new tag
Caveats
  • Supply blocks, unpowered buildings, or Contaminate may cause inaccurate times.
  • Supply counts are checked every 10 seconds.